 Dungeon Crawl Stone Soup version 0.30-a0-908-g5a111fc481 (webtiles) character file.

Game seed: 3113543147864254388

7228 shadizar the Basher (level 11, -5/89 HPs)
             Began as a Gnoll Cinder Acolyte on Mar 19, 2023.
             Was a Priest of Ignis.
             Slain by a sixfirhy (10 damage)
             ... on level 1 of the Abyss.
             The game lasted 00:30:33 (11573 turns).

shadizar the Basher (Gnoll Cinder Acolyte)         Turns: 11573, Time: 00:30:33

Health: -5/89      AC: 11    Str: 22    XL:     11   Next: 12%
Magic:  0/21       EV: 13    Int: 13    God:    Ignis [***...]
Gold:   630        SH:  0    Dex: 12    Spells: 21/23 levels left

rFire   + . .      SeeInvis .    i - +5 war axe
rCold   + + .      Faith    .    (no shield)
rNeg    . . .      Spirit   +    w - +1 ring mail {rC+}
rPois   .          Reflect  .    d - +1 helmet
rElec   .          Rampage  .    c - scarf {shadows}
rCorr   .                        f - +1 pair of gloves
Will    .....                    (no boots)
Stlth   ++                       n - amulet of guardian spirit
HPRegen 0.34/turn                E - ring of the Forging Saviour {rC+ Str+6}
MPRegen 0.17/turn                (no ring)

@: about to teleport
A: fangs 1, strong nose, distributed training, agile 1, wild magic 1
a: Renounce Religion, Fiery Armour, Foxfire Swarm, Rising Flame


You were on level 1 of the Abyss.
You worshipped Ignis.
Ignis was most pleased with you.
You visited 2 branches of the dungeon, and saw 10 of its levels.
You visited the Abyss 1 time.

You collected 630 gold pieces.

Inventory:

Hand Weapons
 e - a +1 flail of protection
 i - a +5 war axe (weapon)
 v - a +3 flail of draining
 y - the +5 longbow "Quakopsu" {speed, rN+ Will++ MP+9 Int-4}
   (You acquired it on level 7 of the Dungeon)

   Int:       It affects your intelligence (-4).
   rN:        It protects you from negative energy.
   MP:        It affects your magic capacity (+9).
   Will:      It greatly increases your willpower.
Missiles
 j - 142 stones (quivered)
 q - 3 throwing nets
Armour
 c - a scarf of shadows (worn)
 d - a +1 helmet (worn)
 f - a +1 pair of gloves (worn)
 k - an orb of mayhem
 m - a +1 hat
 w - a +1 ring mail of cold resistance (worn)
 F - a +0 chain mail
Jewellery
 n - an amulet of guardian spirit (around neck)
 C - an amulet of the acrobat
 D - a ring of fire
 E - the ring of the Forging Saviour (left hand) {rC+ Str+6}
   (You took it off an orc warrior on level 6 of the Dungeon)

   [ring of strength]

   Str:       It affects your strength (+6).
   rC:        It protects you from cold.
Wands
 o - a wand of light (5)
 u - a wand of mindburst (6)
 B - a wand of charming (15)
Scrolls
 a - a scroll of teleportation
 b - a scroll of amnesia
 g - 2 scrolls of enchant armour
 p - a scroll of brand weapon
 H - a scroll of magic mapping
Potions
 h - 5 potions of might
 l - 2 potions of haste
 r - a potion of berserk rage
 s - 3 potions of lignification
 z - 2 potions of brilliance
 A - 2 potions of attraction
 G - a potion of ambrosia
 I - 2 potions of heal wounds {unknown}


   Skills:
 + Level 9.1 Fighting
 + Level 6.2 Short Blades
 + Level 6.2 Long Blades
 + Level 6.2 Axes
 + Level 9.1 Maces & Flails
 + Level 6.2 Polearms
 + Level 6.2 Staves
 + Level 6.2 Ranged Weapons
 + Level 6.2 Throwing
 + Level 6.2 Armour
 + Level 6.2 Dodging
 + Level 6.2 Stealth
 + Level 6.2 Shields
 + Level 6.2 Unarmed Combat
 + Level 6.9 Spellcasting
 + Level 5.1 Conjurations
 + Level 5.1 Hexes
 + Level 5.1 Summonings
 + Level 5.1 Necromancy
 + Level 5.1 Translocations
 + Level 5.1 Transmutations
 + Level 7.6 Fire Magic
 + Level 5.1 Ice Magic
 + Level 5.1 Air Magic
 + Level 5.1 Earth Magic
 + Level 5.1 Poison Magic
 + Level 6.8 Invocations
 + Level 6.2 Evocations


You had 21 spell levels left.
You knew the following spells:

 Your Spells              Type           Power      Damage    Failure   Level
a - Scorch                Fire           62%        2d8       3%          2

Your spell library contained the following spells:

 Spells                   Type           Power      Damage    Failure   Level
 Magic Dart               Conj           92%        1d7       4%          1
 Sting                    Tmut/Pois      92%        1d7       4%          1
 Lesser Beckoning         Tloc           46%        N/A       7%          2
 Poisonous Vapours        Pois/Air       46%        N/A       7%          2
 Searing Ray              Conj           46%        2d6       7%          2
 Ignite Poison            Fire/Tmut/Pois 26%        N/A       10%         3
 Kindle Blastsparks       Fire/Tloc/Air  52%        2d14      10%         3
 Dazzling Flash           Conj/Hex       46%        N/A       13%         3
 Gell's Gravitas          Tloc           23%        N/A       13%         3
 Ozocubu's Armour         Ice            23%        N/A       13%         3
 Teleport Other           Tloc           23%        N/A       13%         3
 Fulminant Prism          Conj/Hex       11%        3d9       36%         4
 Iskenderun's Mystic Bla  Conj/Tloc      23%        2d6       36%         4
 Olgreb's Toxic Radiance  Pois           23%        N/A       36%         4
 Freezing Cloud           Conj/Ice/Air   11%        6-21      69%         5
 Metabolic Englaciation   Hex/Ice        11%        N/A       69%         5
 Starburst                Conj/Fire      13%        6d6       97%         6
 Simulacrum               Ice/Necr       11%        N/A       99%         6


Dungeon Overview and Level Annotations

Branches:
Dungeon (9/15)             Temple (1/1) D:5            Lair (0/5) D:8
    Orc (0/2) D:9

Altars:
Ashenzari
Cheibriados
Dithmenos
Elyvilon
Fedhas
Hepliaklqana
Kikubaaqudgha
Makhleb
Nemelex Xobeh
Okawaru
Qazlal
Ru
Sif Muna
Trog
Uskayaw
Vehumet
Wu Jian
Xom
Yredelemnul
Zin

Shops:
D:2 (   D:4 !   D:8 *((

Annotations:
D:9 Psyche


Innate Abilities, Weirdness & Mutations

You have very sharp teeth.
Your uncanny sense of smell can sniff out nearby items.
Your experience applies equally to all skills.
You are agile. (Dex +4, Str/Int -1)
Your spells are a little harder to cast, but a little more powerful.


Message History

The small abomination closely misses you.
The small abomination closely misses you.
A wraith comes into view.
The wraith hits you but does no damage. The wraith hits you.
The wraith drains your vigour!
You feel yourself slow down. The wraith attacks as you move away!
The wraith hits you. The wraith drains your vigour!
You feel as though you will be slow longer.
A tentacled starspawn comes into view.
The wraith attacks as you move away! The wraith closely misses you.
You feel yourself speed up.
A small abomination and a sixfirhy come into view.
Your extra speed is starting to run out.
The sixfirhy hits you. The sixfirhy shocks you! The sixfirhy hits you.
* * * LOW HITPOINT WARNING * * *
The sixfirhy shocks you!
* * * LOW HITPOINT WARNING * * *
The sixfirhy attacks as you move away! The sixfirhy hits you.
* * * LOW HITPOINT WARNING * * *
The sixfirhy shocks you!
* * * LOW HITPOINT WARNING * * *
The sixfirhy misses you.
Okay, then.
Okay, then.
The sixfirhy attacks as you move away! The sixfirhy completely misses you.
A large abomination comes into view.
You feel yourself slow down.
Okay, then.
The sixfirhy hits you but does no damage.
The sixfirhy closely misses you.
The sixfirhy hits you but does no damage.
As you read the scroll of teleportation, it crumbles to dust.
You feel strangely unstable.
You feel the power of the Abyss delaying your translocation!
The sixfirhy misses you. The sixfirhy hits you.
* * * LOW HITPOINT WARNING * * *
The sixfirhy shocks you!
You die...

# # .# #..##. ยง.#
.#..# #. #...... ..#
###.##.######...
.........#.#..#
##..#.#....# .
#.@3...#.#...# .
#..#......# ..
....#...#...###....
.......#....W#......
......#..##..#.# .
..#.#...#..##.#.## .
.....###### ###..#
... #...# .#.
.#...##.#.


You could see a sixfirhy.

Vanquished Creatures
  Gastronok (D:8)
  Harold (D:9)
  An ugly thing (D:9)
  A troll (D:9)
  Prince Ribbit (D:9)
  4 yaks (D:7)
  Edmund (D:5)
  A water moccasin (D:8)
  2 black bears
  An ice beast (D:8)
  4 orc warriors
  An ogre (D:6)
  2 centaurs
  2 phantoms
  4 kobold brigands
  2 gnoll sergeants (D:8)
  4 bullfrogs
  A scorpion (D:4)
  9 wights
  8 killer bees (D:9)
  5 howler monkeys
  6 orc priests
  A gnoll bouda (D:8)
  4 hounds
  3 sleepcaps
  4 iguanas
  7 orc wizards
  28 gnolls
  8 adders
  A shadow imp (D:7)
  A white imp (D:8)
  2 ufetubi (D:6)
  2 worms
  2 dart slugs
  20 orcs
  7 ball pythons
  9 bats
  9 endoplasms
  4 giant cockroaches
  11 goblins
  10 hobgoblins
  2 jackals (D:3)
  6 quokkas
  3 frilled lizards
  62 kobolds
  10 rats
278 creatures vanquished.

Vanquished Creatures (others)
  A killer bee (D:9)
  An orc priest (D:9)
  39 foxfires
41 creatures vanquished.

Grand Total: 319 creatures vanquished

Notes
Turn   | Place    | Note
-------+----------+-------------------------------------------
     0 | D:1      | shadizar the Gnoll Cinder Acolyte began the quest for the
                  | Orb.
     0 | D:1      | Reached XP level 1. HP: 23/23 MP: 4/4
   211 | D:1      | Reached XP level 2. HP: 27/29 MP: 5/5
   495 | D:1      | Reached XP level 3. HP: 35/35 MP: 7/7
   910 | D:1      | Reached skill level 1 in Invocations
  1094 | D:2      | Reached skill level 1 in Short Blades
  1094 | D:2      | Reached skill level 1 in Long Blades
  1094 | D:2      | Reached skill level 1 in Axes
  1094 | D:2      | Reached skill level 1 in Polearms
  1094 | D:2      | Reached skill level 1 in Staves
  1094 | D:2      | Reached skill level 1 in Ranged Weapons
  1094 | D:2      | Reached skill level 1 in Throwing
  1094 | D:2      | Reached skill level 1 in Armour
  1094 | D:2      | Reached skill level 1 in Dodging
  1094 | D:2      | Reached skill level 1 in Stealth
  1094 | D:2      | Reached skill level 1 in Shields
  1094 | D:2      | Reached skill level 1 in Unarmed Combat
  1094 | D:2      | Reached skill level 1 in Evocations
  1285 | D:2      | Reached XP level 4. HP: 8/41 MP: 8/8
  1581 | D:2      | Found Acexito's Antique Weapon Shoppe.
  1923 | D:2      | Reached skill level 1 in Conjurations
  1923 | D:2      | Reached skill level 1 in Hexes
  1923 | D:2      | Reached skill level 1 in Summonings
  1923 | D:2      | Reached skill level 1 in Necromancy
  1923 | D:2      | Reached skill level 1 in Translocations
  1923 | D:2      | Reached skill level 1 in Transmutations
  1923 | D:2      | Reached skill level 1 in Ice Magic
  1923 | D:2      | Reached skill level 1 in Air Magic
  1923 | D:2      | Reached skill level 1 in Earth Magic
  1923 | D:2      | Reached skill level 1 in Poison Magic
  2291 | D:3      | Found a shimmering blue altar of Sif Muna.
  2352 | D:3      | Reached XP level 5. HP: 44/47 MP: 9/9
  3305 | D:3      | Noticed a kobold brigand
  3343 | D:3      | Killed a kobold brigand
  3344 | D:3      | Reached XP level 6. HP: 48/53 MP: 7/11
  4343 | D:4      | Reached XP level 7. HP: 59/59 MP: 12/12
  4517 | D:4      | Found Yteon's Distillery.
  4991 | D:5      | Entered Level 5 of the Dungeon
  5045 | D:5      | Found a staircase to the Ecumenical Temple.
  5188 | D:5      | Noticed Edmund
  5201 | D:5      | Killed Edmund
  5202 | D:5      | Reached XP level 8. HP: 59/66 MP: 14/14
  6101 | Temple   | Entered the Ecumenical Temple
  6538 | D:6      | Identified the ring of the Forging Saviour {rC+ Str+6}
  7008 | D:6      | Learned a level 2 spell: Scorch
  7243 | D:7      | Reached XP level 9. HP: 70/73 MP: 14/16
  7498 | D:7      | Found a hazy altar of Hepliaklqana.
  7637 | D:7      | Reached skill level 5 in Spellcasting
  7995 | D:7      | Reached skill level 5 in Invocations
  8254 | D:7      | Identified a scroll of acquirement
  8254 | D:7      | Acquired the +5 longbow "Quakopsu" {speed, rN+ Will++ MP+9
                  | Int-4}
  8371 | D:8      | Noticed Gastronok
  8433 | D:8      | Found Osoy's Antique Weapon Boutique.
  8707 | D:8      | Gained mutation: You are agile. (Dex +4, Str/Int -1)
                  | [potion of mutation]
  8707 | D:8      | Gained mutation: Your spells are a little harder to cast,
                  | but a little more powerful. [potion of mutation]
  9049 | D:8      | Reached skill level 5 in Short Blades
  9049 | D:8      | Reached skill level 5 in Long Blades
  9049 | D:8      | Reached skill level 5 in Axes
  9049 | D:8      | Reached skill level 5 in Polearms
  9049 | D:8      | Reached skill level 5 in Staves
  9049 | D:8      | Reached skill level 5 in Ranged Weapons
  9049 | D:8      | Reached skill level 5 in Throwing
  9049 | D:8      | Reached skill level 5 in Armour
  9049 | D:8      | Reached skill level 5 in Dodging
  9049 | D:8      | Reached skill level 5 in Stealth
  9049 | D:8      | Reached skill level 5 in Shields
  9049 | D:8      | Reached skill level 5 in Unarmed Combat
  9049 | D:8      | Reached skill level 5 in Evocations
  9049 | D:8      | Reached XP level 10. HP: 81/81 MP: 18/18
  9076 | D:8      | Found Zuocreod's Assorted Antiques.
  9099 | D:8      | Killed Gastronok
  9484 | D:8      | Found Nadoept's Antique Weapon Shop.
  9617 | D:8      | Found a staircase to the Lair.
 10245 | D:9      | Found a staircase to the Orcish Mines.
 10766 | D:9      | Noticed a purple ugly thing
 10781 | D:9      | Killed a purple ugly thing
 10827 | D:9      | Noticed Harold
 10840 | D:9      | Killed Harold
 10841 | D:9      | Reached skill level 5 in Conjurations
 10841 | D:9      | Reached skill level 5 in Hexes
 10841 | D:9      | Reached skill level 5 in Summonings
 10841 | D:9      | Reached skill level 5 in Necromancy
 10841 | D:9      | Reached skill level 5 in Translocations
 10841 | D:9      | Reached skill level 5 in Transmutations
 10841 | D:9      | Reached skill level 5 in Ice Magic
 10841 | D:9      | Reached skill level 5 in Air Magic
 10841 | D:9      | Reached skill level 5 in Earth Magic
 10841 | D:9      | Reached skill level 5 in Poison Magic
 10841 | D:9      | Reached XP level 11. HP: 32/89 MP: 6/21
 11217 | D:9      | Noticed Prince Ribbit
 11232 | D:9      | Killed Prince Ribbit
 11438 | D:9      | Noticed Psyche
 11460 | Abyss:1  | Cast into level 1 of the Abyss (Psyche)
 11461 | Abyss:1  | Found a corrupted altar of Lugonu.
 11502 | Abyss:1  | Noticed a wretched star
 11536 | Abyss:1  | Noticed a tentacled starspawn
 11554 | Abyss:1  | Noticed a sixfirhy
 11573 | Abyss:1  | Slain by a sixfirhy

Illustrated notes

Levels and vault maps discovered:
D:1:      dpeg_arrival_chambers_temple_mockup, layout_basic
D:2:      minmay_razor_zed, layout_basic, serial_shops, nicolae_shop_trees
D:3:      minmay_goblin_kobold_castle, layout_basic,
          mainiacjoe_overflow_tiny_flanked
D:4:      layout_rooms, serial_shops, nicolae_shop_stone, kennysheep_donut
D:5:      layout_basic, minmay_temple_entry_trees, uniq_edmund
D:6:      layout_gridville
D:7:      layout_layer_cave, mainiacjoe_overflow_six_doors_small
D:8:      layout_rooms, lair_entry_dummy, serial_shops, shop,
          nicolae_shop_stone, nicolae_shop_trees, uniq_gastronok
D:9:      layout_stronghold, david_orc_3, uniq_prince_ribbit1, uniq_harold,
          uniq_psyche
Temple:   dpeg_three_leaves_temple
Abyss:1:  base:
D:5

Skill      XL: |  1  2  3  4  5  6  7  8  9 10 |
---------------+-------------------------------+-----
Invocations    | 1 2 3 4 5 6 |  6.8
Short Blades   | 1 2 3 4 5 6 |  6.2
Long Blades    | 1 2 3 4 5 6 |  6.2
Axes           | 1 2 3 4 5 6 |  6.2
Polearms       | 1 2 3 4 5 6 |  6.2
Staves         | 1 2 3 4 5 6 |  6.2
Ranged Weapons | 1 2 3 4 5 6 |  6.2
Throwing       | 1 2 3 4 5 6 |  6.2
Armour         | 1 2 3 4 5 6 |  6.2
Dodging        | 1 2 3 4 5 6 |  6.2
Stealth        | 1 2 3 4 5 6 |  6.2
Shields        | 1 2 3 4 5 6 |  6.2
Unarmed Combat | 1 2 3 4 5 6 |  6.2
Evocations     | 1 2 3 4 5 6 |  6.2
Spellcasting   | 3 4 5 6 |  6.9
Conjurations   | 1 2 3 4 5 |  5.1
Hexes          | 1 2 3 4 5 |  5.1
Summonings     | 1 2 3 4 5 |  5.1
Necromancy     | 1 2 3 4 5 |  5.1
Translocations | 1 2 3 4 5 |  5.1
Transmutations | 1 2 3 4 5 |  5.1
Ice Magic      | 1 2 3 4 5 |  5.1
Air Magic      | 1 2 3 4 5 |  5.1
Earth Magic    | 1 2 3 4 5 |  5.1
Poison Magic   | 1 2 3 4 5 |  5.1
Fighting       | 7 8 9 |  9.1
Maces & Flails | 7 8 9 |  9.1
Fire Magic     | 6 7 |  7.6

Action                     |  1- 3 |  4- 6 |  7- 9 | 10-12 || total
---------------------------+-------+-------+-------+-------++-------
  Melee: Mace              |   121 |   106 |       |       ||   227
         Bite              |     8 |    28 |    30 |    12 ||    78
         Punch             |       |     6 |     8 |     2 ||    16
         Flail             |       |   273 |   239 |       ||   512
         War axe           |       |       |       |    89 ||    89
   Fire: Longbow           |       |       |    99 |   127 ||   226
 Invoke: Fiery Armour      |     1 |       |     1 |     1 ||     3
         Foxfire Swarm     |       |       |     1 |     1 ||     2
    Use: Scroll            |       |    11 |     8 |     2 ||    21
         Potion            |       |       |     3 |     7 ||    10
   Stab: Sleeping          |     2 |       |     1 |       ||     3
 Armour: Robe              |    57 |   186 |       |       ||   243
         Ring mail         |       |     2 |   110 |    69 ||   181
         Chain mail        |       |       |    40 |       ||    40
  Dodge: Dodged            |    99 |   228 |   169 |   141 ||   637

Table legend: (Time is in decaauts)
 A = Elapsed time spent in this place.
 B = Non-inter-level travel time spent in this place.
 C = Inter-level travel time spent in this place.
 D = Time resting spent in this place.
 E = Time spent auto-exploring this place.
 F = Levels seen in this place.
 G = Mean time per level.
                   A        B        C        D        E       F      G
               +--------+--------+--------+--------+--------+-----+--------+
         Total |  11634 |  11077 |    557 |      0 |   8031 |  11 | 1057.6 |
       Dungeon |  11452 |  10911 |    541 |      0 |   7973 |   9 | 1272.4 |
        Temple |     79 |     64 |     15 |      0 |     58 |   1 |   79.0 |
         Abyss |    102 |    102 |      0 |      0 |      0 |   1 |  102.0 |
               +--------+--------+--------+--------+--------+-----+--------+

Top non-repeatable levels by time:
     D:3: 1966 daAuts
     D:7: 1760 daAuts
     D:9: 1594 daAuts
     D:2: 1517 daAuts
     D:8: 1082 daAuts
     D:5: 1029 daAuts
     D:1: 988 daAuts
     D:6: 804 daAuts
     D:4: 709 daAuts
 Abyss:1: 102 daAuts
  Temple: 79 daAuts
